 Dungeon Crawl Stone Soup version 0.26-a0-834-g69557b85cc (webtiles) character file.

Game seed: 2895885441408946946

17 marklar909 the Ruffian (level 2, 0/23 HPs)
             Began as a Draconian Transmuter on Nov 17, 2020.
             Slain by an ufetubus (3 damage)
             ... on level 2 of the Dungeon.
             The game lasted 00:01:01 (1025 turns).

marklar909 the Ruffian (Draconian Transmuter)       Turns: 1025, Time: 00:01:02

Health: 0/23       AC:  4    Str: 12    XL:     2   Next: 44%
Magic:  3/5        EV: 12    Int: 13    God:
Gold:   56         SH:  0    Dex: 11    Spells: 4/5 levels left

rFire    . . .     SeeInvis .     - Unarmed
rCold    . . .     Faith    .   (no shield)
rNeg     . . .     Spirit   .   (armour unavailable)
rPois    .         Reflect  .   (helmet restricted)
rElec    .         Harm     .   (no cloak)
rCorr    .         Rampage  .   (no gloves)
MR       .....                  (no boots)
Stlth    +.........             (no amulet)
HPRegen  0.07/turn              (no ring)
MPRegen  0.09/turn              (no ring)

@: lethally poisoned (0 -> -6), very slightly contaminated
A: unfitting armour, cold-blooded, AC +4
a: no special abilities


You were on level 2 of the Dungeon.
You visited 1 branch of the dungeon, and saw 2 of its levels.

You collected 56 gold pieces.

Inventory:

Missiles
 a - 11 poisoned darts (quivered)
Scrolls
 c - a scroll of fear {unknown}
 e - a scroll of remove curse {unknown}
 f - 2 scrolls of identify {unknown}
Potions
 b - a potion of invisibility {unknown}
 d - a potion of attraction {unknown}


   Skills:
 * Level 1.5 Fighting
 * Level 2.1 Dodging
 - Level 3.0 Unarmed Combat
 + Level 2.2 Spellcasting
 + Level 2.2 Transmutations


You had 4 spell levels left.
You knew the following spells:

 Your Spells              Type           Power        Failure   Level
a - Beastly Appendage     Tmut           #.....       10%         1

Your spell library contained the following spells:

 Spells                   Type           Power        Failure   Level
 Wereblood                Tmut           #.......     14%         2
 Spider Form              Tmut/Pois      #.........   43%         3
 Ice Form                 Ice/Tmut       #.......     83%         4
 Blade Hands              Tmut           #.........   95%         5


Dungeon Overview and Level Annotations

Branches:
Dungeon (2/15)

Altars:


Innate Abilities, Weirdness & Mutations

Your plain brown scales are hard. (AC +4)
You cannot fit into any form of body armour.
You are cold-blooded and may be slowed by cold attacks.


Message History

The adder poisons you! The ufetubus hits you. The ufetubus misses you.
Unknown command.
You barely miss the adder.
The adder is moderately wounded.
You feel sick. The ufetubus barely misses you. The ufetubus hits you.
The adder closely misses you.
Unknown command.
Unknown command.
You feel sick. The ufetubus barely misses you. The ufetubus hits you.
The ufetubus hits you but does no damage. x2
The adder bites you. The adder bites you but does no damage.
Unknown command.
The ufetubus hits you. x2
Casting: Beastly Appendage (safe; 10% risk of failure)
Confirm with . or Enter, or press ? or * to list all spells.
You miscast Beastly Appendage.
Nothing appears to happen.
You feel sick. The ufetubus hits you.
* * * LOW HITPOINT WARNING * * *
The ufetubus hits you.
You die...

### #<# # ##...
#.# #. .... #.#
### ##. #... #.#
..# ... #..## #.#
#.# #.##...# #.#
#.# #.##..#
##.###†# #@#..#
#...##.#
##5..####...##.#
##.....#...##<#
#...#.........#
#.#.!#...))....#
#.##.)#.........#
#.#
...####...#### ##
....# #...#
5....# #...#


You could see an ufetubus.

Vanquished Creatures
  A dart slug (D:1)
  A leopard gecko (D:1)
  A giant cockroach (D:1)
  5 hobgoblins (D:1)
  2 bats (D:2)
  A frilled lizard (D:1)
  A goblin (D:1)
  A kobold (D:1)
  A rat (D:1)
14 creatures vanquished.

Notes
Turn   | Place    | Note
-------+----------+-------------------------------------------
     0 | D:1      | marklar909 the Draconian Transmuter began the quest for the
                  | Orb.
     0 | D:1      | Reached XP level 1. HP: 16/16 MP: 3/3
   438 | D:1      | Reached XP level 2. HP: 18/23 MP: 3/5
  1025 | D:2      | Slain by an ufetubus

Illustrated notes

Levels and vault maps discovered:
D:1:      dpeg_arrival_oval, layout_loops_ring, serial_bayou_pond_d
D:2:      layout_loops_ring, chequers_ecumenical_altar_island, grunt_decor_cap

Skill      XL: |  1 |
---------------+----+-----
Dodging        | 2 |  2.1
Fighting       | |  1.5
Unarmed Combat | |  3.0
Spellcasting   | |  2.2
Transmutations | |  2.2

Action                   || total
-------------------------++-------
Melee: Unarmed           ||    45
       Kick              ||     4
       Headbutt          ||     4
       Tailslap          ||     3
       Punch             ||     1
 Cast: Beastly Appendage ||    10
Armor: Skin              ||    21
Dodge: Dodged            ||    31

Table legend: (Time is in decaauts)
 A = Elapsed time spent in this place.
 B = Non-inter-level travel time spent in this place.
 C = Inter-level travel time spent in this place.
 D = Time resting spent in this place.
 E = Time spent auto-exploring this place.
 F = Levels seen in this place.
 G = Mean time per level.
                   A        B        C        D        E       F      G
               +--------+--------+--------+--------+--------+-----+--------+
         Total |   1023 |    969 |     54 |      0 |    860 |   2 |  511.5 |
       Dungeon |   1023 |    969 |     54 |      0 |    860 |   2 |  511.5 |
               +--------+--------+--------+--------+--------+-----+--------+

Top non-repeatable levels by time:
     D:1: 985 daAuts
     D:2: 37 daAuts
